 Dungeon Crawl Stone Soup version 0.31-a0-1-g4198be8af4 (webtiles) character file.

Game seed: 6673687710543863777

11 qeuew the Sneak (level 2, -2/22 HPs)
             Began as a Naga Enchanter on May 1, 2023.
             Killed from afar by a dart slug (5 damage)
             ... with a slug dart
             ... on level 1 of the Dungeon.
             The game lasted 00:00:21 (258 turns).

qeuew the Sneak (Naga Enchanter)                     Turns: 258, Time: 00:00:22

Health: -2/22      AC:  1    Str: 10    XL:     2   Next: 25%
Magic:  5/5        EV:  9    Int: 15    God:
Gold:   14         SH:  0    Dex: 11    Spells: 5/5 levels left

rFire   . . .        a - +1 dagger
rCold   . . .        (no shield)
rNeg    . . .        b - +0 robe
rPois   +            (no helmet)
rElec   .            (no cloak)
rCorr   .            (no gloves)
SInv    +            (no barding)
Will    .....        (no amulet)
Stlth   +++          (no ring)
HPRegen 0.23/turn    (no ring)
MPRegen 0.09/turn

%: no passive effects
@: very slow
A: AC +0, large, see invisible, deformed body, poison resistance, slowness 2,
spit poison 1, naga tail 1
a: Spit Poison


You were on level 1 of the Dungeon.
You visited 1 branch of the dungeon, and saw 1 of its levels.

You collected 14 gold pieces.

Inventory:

Hand Weapons
 a - a +1 dagger (weapon)
Armour
 b - a +0 robe (worn)
Scrolls
 d - a scroll of noise {unknown}
 f - a scroll of fog {unknown}
 i - a scroll of blinking {unknown}
Potions
 c - 2 potions of invisibility
 e - a potion of curing {unknown}
 g - a potion of magic {unknown}
 h - a potion of haste {unknown}


   Skills:
 * Level 1.3 Short Blades
 + Level 1.6 Dodging
 * Level 4.6 Stealth
 + Level 2.1 Spellcasting
 * Level 3.1 Hexes


You had 5 spell levels left.
You didn't know any spells.
Your spell library contained the following spells:

 Spells                   Type           Power      Damage    Failure   Level
 Ensorcelled Hibernation  Hex/Ice        12%        N/A       17%         2
 Confusing Touch          Hex            11%        N/A       19%         3
 Tukima's Dance           Hex            11%        N/A       19%         3
 Magic Dart               Conj           4%         1d3       22%         1
 Blink                    Tloc           2%         N/A       32%         2
 Call Imp                 Summ           2%         N/A       32%         2
 Lesser Beckoning         Tloc           2%         N/A       32%         2
 Momentum Strike          Conj/Tloc      2%         3d8       32%         2
 Dazzling Flash           Conj/Hex       12%        N/A       34%         3
 Mephitic Cloud           Conj/Pois/Air  1%         N/A       54%         3
 Petrify                  Tmut/Erth      1%         N/A       91%         4
 Metabolic Englaciation   Hex/Ice        3%         N/A       97%         5
 Statue Form              Tmut/Erth      0%         N/A       100%        6


Dungeon Overview and Level Annotations

Branches:
Dungeon (1/15)

Altars:


Innate Abilities, Weirdness & Mutations

Your serpentine skin is tough. (AC +0)
You have supernaturally acute eyesight. (SInv)
Armour fits poorly on your strangely shaped body.
Your system is resistant to poisons. (rPois)
You cover ground very slowly.
You can spit poison.
You have a snake-like lower body.


Message History

A dart slug is nearby!
A hobgoblin comes into view.
Found an amethyst potion.
A ball python comes into view.
Found a stone staircase leading down.
The ball python hisses angrily.
A ball python comes into view.
Found a book of Blood.
The ball python bites you but does no damage.
The ball python hisses angrily.
The hobgoblin shouts!
You hit the ball python.
You kill the ball python!
The ball python bites you. The dart slug closely misses you.
You hit the dart slug.
The dart slug is moderately wounded.
The ball python closely misses you. The dart slug bites you.
You hit the dart slug but do no damage.
The dart slug is moderately wounded.
The ball python bites you. x2
You hit the dart slug.
The dart slug is heavily wounded.
The dart slug launches a dart at you. The slug dart hits you.
The ball python bites you but does no damage.
You are too injured to fight recklessly!
You are too injured to fight recklessly!
There are monsters nearby!
There are monsters nearby!
You are too injured to fight recklessly!
Unknown command.
You hit the dart slug.
The dart slug is severely wounded.
The hobgoblin hits you.
* * * LOW HITPOINT WARNING * * *
The ball python bites you.
* * * LOW HITPOINT WARNING * * *
The dart slug launches a dart at you. The slug dart hits you.
You die...

.....###### .....##...#
.## #######...# .. ##
#...# .## ## .## #...#
#####..##..# ..#####...#
#..#........
#....##...###...........
####.##..........w..!...
#......#.)###@S......
#####..#..# #.g...>:.
##...............
#..####......... ####
##........ ##..##..# ###
###


You could see a dart slug, a hobgoblin and a ball python.

Vanquished Creatures
  2 ball pythons (D:1)
  2 bats (D:1)
  A giant cockroach (D:1)
  A quokka (D:1)
  A frilled lizard (D:1)
  A goblin (D:1)
  A kobold (D:1)
  2 rats (D:1)
11 creatures vanquished.

Notes
Turn   | Place    | Note
-------+----------+-------------------------------------------
     0 | D:1      | qeuew the Naga Enchanter began the quest for the Orb.
     0 | D:1      | Reached XP level 1. HP: 15/15 MP: 3/3
   162 | D:1      | Reached XP level 2. HP: 21/22 MP: 5/5
   258 | D:1      | Killed from afar by a dart slug

Illustrated notes

Levels and vault maps discovered:
D:1:      dpeg_arrival_rooms_a, layout_basic, hangedman_decor_points,
          st_stairs_5

Action                     || total
---------------------------++-------
  Melee: Dagger            ||    35
   Stab: Sleeping          ||     2
 Armour: Robe              ||    13
  Dodge: Dodged            ||    18

Table legend: (Time is in decaauts)
 A = Elapsed time spent in this place.
 B = Non-inter-level travel time spent in this place.
 C = Inter-level travel time spent in this place.
 D = Time resting spent in this place.
 E = Time spent auto-exploring this place.
 F = Levels seen in this place.
 G = Mean time per level.
                   A        B        C        D        E       F      G
               +--------+--------+--------+--------+--------+-----+--------+
         Total |    331 |    331 |      0 |      0 |    233 |   1 |  331.0 |
       Dungeon |    331 |    331 |      0 |      0 |    233 |   1 |  331.0 |
               +--------+--------+--------+--------+--------+-----+--------+

Top non-repeatable levels by time:
     D:1: 331 daAuts
